 Dungeon Crawl Stone Soup version 0.31-a0-180-g519b7de00c (webtiles) character file.

Game seed: 4942468499081247860

12308 Maxmaps the Slicer (level 11, -4/84 HPs)
             Began as a Demonspawn Hexslinger on June 19, 2023.
             Was an Initiate of Gozag.
             Slain by a vampire (9 damage)
             ... on level 10 of the Dungeon.
             The game lasted 00:15:10 (11010 turns).

Maxmaps the Slicer (Demonspawn Hexslinger)         Turns: 11010, Time: 00:15:11

Health: -4/84      AC: 16    Str: 14    XL:     11   Next: 60%
Magic:  12/12      EV: 12    Int: 19    God:    Gozag
Gold:   442        SH:  8    Dex: 16    Spells: 11/12 levels left

rFire   + . .        r - +5 dagger
rCold   + . .        H - +0 kite shield
rNeg    . . .        J - +0 swamp dragon scales
rPois   +            (no helmet)
rElec   +            L - +0 cloak {rCorr}
rCorr   +            A - +2 pair of gloves
SInv    +            (no boots)
Will    .....        (no amulet)
Stlth   +            q - ring of see invisible
HPRegen 0.34/turn    l - +6 ring of strength
MPRegen 0.26/turn

%: no passive effects
@: mighty, brilliant, resistant, hasted, very quick
A: slimy green scales 1, ignite blood 1, magic regeneration, demonic touch 2
a: Renounce Religion, Potion Petition, Call Merchant, Bribe Branch


You were on level 10 of the Dungeon.
You worshipped Gozag.
Gozag was aware of your devotion.
You visited 2 branches of the dungeon, and saw 11 of its levels.
You also visited: Bailey.

You collected 2006 gold pieces.
You paid 1564 gold pieces to Gozag.

Inventory:

Hand Weapons
 a - a +1 sling
 p - a +1 dagger of draining
 r - a +5 dagger (weapon)
Missiles
 w - a throwing net
Armour
 A - a +2 pair of gloves (worn)
 B - a scarf of invisibility
 H - a +0 kite shield (worn)
 J - +0 swamp dragon scales (worn)
 L - a +0 cloak of preservation (worn)
Jewellery
 k - a ring of willpower
 l - a +6 ring of strength (right hand)
 q - a ring of see invisible (left hand)
 t - a ring of flight
 G - a ring of fire
Wands
 h - a wand of iceblast (13)
 v - a wand of acid (3)
 y - a wand of digging (4)
 D - a wand of polymorph (18)
Scrolls
 b - 2 scrolls of poison
 c - 9 scrolls of enchant armour
 j - a scroll of torment
 o - a scroll of brand weapon
 s - 4 scrolls of amnesia
 u - a scroll of enchant weapon
 x - 2 scrolls of identify
 E - a scroll of teleportation
 F - a scroll of vulnerability {unknown}
Potions
 d - 2 potions of ambrosia
 e - 2 potions of mutation
 f - 3 potions of curing
 g - 4 potions of degeneration
 i - 2 potions of haste
 m - 2 potions of attraction
 n - 2 potions of magic
 z - a potion of brilliance
 C - 5 potions of enlightenment


   Skills:
 - Level 7.1 Fighting
 - Level 11.2 Short Blades
 - Level 2.7 Ranged Weapons
 - Level 8.3 Armour
 - Level 7.1 Dodging
 + Level 1.9 Shields
 - Level 1.0 Spellcasting
 - Level 3.0 Hexes


You had 11 spell levels left.
You knew the following spells:

 Your Spells              Type           Power      Damage    Failure   Level
a - Slow                  Hex            72%        N/A       34%         1

Your spell library contained the following spells:

 Spells                   Type           Power      Damage    Failure   Level
 Sandblast                Erth           2%         2d4       75%         1
 Blink                    Tloc           2%         N/A       87%         2
 Cigotuvi's Dreadful Rot  Necr/Pois/Air  2%         N/A       87%         2
 Passwall                 Tmut/Erth      0%         N/A       87%         2
 Inner Flame              Hex/Fire       9%         N/A       88%         3
 Portal Projectile        Hex/Tloc       18%        N/A       88%         3
 Ignite Poison            Fire/Tmut/Pois 1%         N/A       98%         3
 Stone Arrow              Conj/Erth      2%         3d7       98%         3
 Cause Fear               Hex            9%         N/A       98%         4
 Anguish                  Hex/Necr       4%         N/A       99%         4
 Manifold Assault         Tloc           1%         N/A       100%        4
 Freezing Cloud           Conj/Ice/Air   0%         6-21      100%        5
 Yara's Violent Unravell  Hex/Tmut       4%         3d4       100%        5
 Enfeeble                 Hex            9%         N/A       100%        7
 Storm Form               Tmut/Air       0%         N/A       100%        7


Dungeon Overview and Level Annotations

Branches:
Dungeon (10/15)            Temple (1/1) D:4            Lair (0/5) D:8
    Orc (0/2) D:10         Bailey (visited)

Altars:
Ashenzari
Cheibriados
Dithmenos
Fedhas
Gozag
Hepliaklqana
Kikubaaqudgha
Makhleb
Nemelex Xobeh
Okawaru
Qazlal
Ru
Sif Muna
Trog
Uskayaw
Vehumet
Wu Jian
Xom
Yredelemnul

Shops:
D:9 :   D:10 *


Innate Abilities, Weirdness & Mutations

You are partially covered in slimy green scales. (AC +2)
Your demonic aura sometimes causes spilled blood to erupt in flames.
You regenerate magic rapidly.
Your touch may inflict irresistible damage on your foes.


Message History

You block the vampire's attack. The vampire barely misses you.
You barely miss the vampire.
The vampire is moderately damaged.
You puncture the vampire!
The vampire is heavily damaged.
The vampire hits you. The vampire barely misses you.
You closely miss the vampire.
The vampire is heavily damaged.
You barely miss the vampire.
The vampire is heavily damaged.
You block the vampire's attack. The vampire barely misses you.
You closely miss the vampire.
The vampire is heavily damaged.
You hit the vampire but do no damage.
The vampire is heavily damaged.
The vampire hits you but does no damage.
The vampire bites you but does no damage.
You hit the vampire.
The vampire is heavily damaged.
You closely miss the vampire.
The vampire is heavily damaged.
You block the vampire's attack. The vampire bites you!
* * * LOW HITPOINT WARNING * * *
The vampire draws strength from your injuries!
You hit the vampire but do no damage.
The vampire is heavily damaged.
You hit the vampire.
The vampire is severely damaged.
You puncture the vampire!
The vampire is almost destroyed.
The vampire draws life force from you!!
* * * LOW HITPOINT WARNING * * *
The vampire is healed by the life force!
You barely miss the vampire.
The vampire is heavily damaged.
You puncture the vampire!
The vampire is almost destroyed.
The vampire hits you!
You die...
Your body crumbles into a pile of gold.

... #.. ..#+### ########
#.. ......#####......#
#... #....#...#......#
#....#....#...#.##...#
#....#....#...#......#
#.........#'###......###
#.......................
#......@V..........#####
#.......###........# #
#.......# #..#.....# #
#.......# #..#.....# #
#............#.....#####
#...........>#..........
#?......................
#.......................
###############


You could see a vampire.

Vanquished Creatures
  2 two-headed ogres
  Pikel (D:9)
  3 orc knights (Bailey)
  Joseph (D:7)
  A gargoyle (D:10)
  Maggie (D:6)
  A hornet (D:8)
  A slime creature (D:8)
  Sigmund (D:3)
  3 wyverns
  A wraith (D:10)
  6 yaks
  4 steam dragons (D:8)
  Menkaure (D:6)
  An acid dragon (D:9)
  Edmund (D:4)
  5 water moccasins
  Duvessa (D:4)
  11 orc warriors
  2 ice beasts
  4 black bears
  2 ogres
  A centaur (D:6)
  2 lemures (D:9)
  A phantom (D:5)
  4 kobold brigands
  10 bullfrogs
  2 gnoll sergeants
  4 scorpions
  11 wights
  Dowan (D:4)
  8 killer bees
  3 howler monkeys
  3 orc priests
  Crazy Yiuf (D:6)
  A gnoll bouda (D:8)
  A jelly (D:6)
  2 hounds
  Jessica (D:2)
  A sleepcap (D:6)
  9 orc wizards
  11 gnolls
  6 adders
  2 shadow imps
  An ufetubus (D:5)
  47 orcs
  4 ball pythons
  An endoplasm (D:4)
  A giant cockroach (D:2)
  5 goblins
  3 hobgoblins
  10 kobolds
  4 quokkas
  2 bats
  A frilled lizard (D:2)
  2 rats (D:1)
220 creatures vanquished.

Notes
Turn   | Place    | Note
-------+----------+-------------------------------------------
     0 | D:1      | Maxmaps the Demonspawn Hexslinger began the quest for the
                  | Orb.
     0 | D:1      | Reached XP level 1. HP: 15/15 MP: 2/2
   199 | D:1      | Gained mutation: Your touch may inflict minor irresistible
                  | damage on your foes. [demonic ancestry]
   199 | D:1      | Reached XP level 2. HP: 13/21 MP: 3/3
   370 | D:1      | Found a faded altar of an unknown god.
  1146 | D:2      | Noticed Jessica
  1150 | D:2      | Killed Jessica
  1151 | D:2      | Reached skill level 1 in Short Blades
  1151 | D:2      | Gained mutation: Your touch may inflict irresistible damage
                  | on your foes. [demonic ancestry]
  1151 | D:2      | Reached XP level 3. HP: 17/26 MP: 4/4
  1319 | D:3      | Reached skill level 2 in Short Blades
  1454 | D:3      | Noticed a scorpion
  1466 | D:3      | Killed a scorpion
  1467 | D:3      | Reached skill level 3 in Short Blades
  1467 | D:3      | Reached XP level 4. HP: 22/32 MP: 5/5
  1532 | D:3      | Noticed Sigmund
  1539 | D:3      | Killed Sigmund
  1540 | D:3      | Reached skill level 5 in Short Blades
  1540 | D:3      | Reached XP level 5. HP: 33/37 MP: 6/6
  1540 | D:3      | Reached XP level 6. HP: 39/43 MP: 7/7
  2169 | D:4      | Found a staircase to the Ecumenical Temple.
  2183 | Temple   | Entered the Ecumenical Temple
  2197 | Temple   | Became a worshipper of Gozag Ym Sagoz the Greedy
  2219 | D:4      | Noticed Edmund
  2225 | D:4      | Killed Edmund
  2472 | D:4      | Noticed Dowan
  2473 | D:4      | Noticed Duvessa
  2494 | D:4      | Killed Duvessa
  2495 | D:4      | Reached skill level 6 in Short Blades
  2495 | D:4      | Gained mutation: You are partially covered in slimy green
                  | scales. (AC +2) [demonic ancestry]
  2495 | D:4      | Reached XP level 7. HP: 19/48 MP: 8/8
  2501 | D:4      | Killed Dowan
  3335 | D:5      | Entered Level 5 of the Dungeon
  3421 | D:5      | Reached skill level 7 in Short Blades
  3756 | D:5      | Reached skill level 8 in Short Blades
  3943 | D:5      | Gained mutation: You regenerate magic rapidly. [demonic
                  | ancestry]
  3943 | D:5      | Reached XP level 8. HP: 54/54 MP: 9/9
  3991 | D:5      | Found a broken altar of Ashenzari.
  3994 | D:5      | Found a sparkling altar of Nemelex Xobeh.
  4004 | D:5      | Found a shimmering altar of Xom.
  4010 | D:5      | Found a radiant altar of Vehumet.
  4014 | D:5      | Found a shadowy altar of Dithmenos.
  4330 | D:6      | Reached skill level 9 in Short Blades
  4330 | D:6      | Noticed Menkaure
  4341 | D:6      | Killed Menkaure
  4792 | D:6      | Found Qyqehal's Firing Range.
  4815 | D:6      | Noticed Maggie
  4836 | D:6      | Killed Maggie
  4837 | D:6      | Reached skill level 10 in Short Blades
  4948 | D:6      | Found a runed translucent door.
  4949 | D:6      | Noticed Crazy Yiuf
  5159 | D:6      | Killed Crazy Yiuf
  5160 | D:6      | Reached XP level 9. HP: 59/59 MP: 10/10
  5272 | D:7      | Found a flagged portal.
  5280 | Bailey   | Entered a bailey
  5504 | Bailey   | Reached skill level 11 in Short Blades
  5723 | Bailey   | Reached skill level 1 in Armour
  5766 | Bailey   | Noticed an orc knight
  5788 | Bailey   | Killed an orc knight
  5865 | Bailey   | Noticed an orc knight
  5987 | Bailey   | Killed an orc knight
  5997 | Bailey   | Noticed an orc knight
  6202 | Bailey   | Killed an orc knight
  6203 | Bailey   | Reached skill level 5 in Fighting
  6203 | Bailey   | Gained mutation: Your demonic aura sometimes causes spilled
                  | blood to erupt in flames. [demonic ancestry]
  6203 | Bailey   | Reached XP level 10. HP: 61/74 MP: 11/11
  6656 | D:7      | Noticed Joseph
  7491 | D:7      | Killed Joseph
  7492 | D:7      | Reached skill level 5 in Armour
  7803 | D:8      | Paralysed by a hornet for 3 turns
  8578 | D:8      | Found a staircase to the Lair.
  8585 | D:8      | Reached XP level 11. HP: 80/84 MP: 12/12
  8693 | D:8      | Noticed a two-headed ogre
  8705 | D:8      | Killed a two-headed ogre
  9404 | D:9      | Reached skill level 5 in Dodging
  9749 | D:9      | Noticed Pikel
  9772 | D:9      | Killed Pikel
 10391 | D:9      | Found Wozathrieb's Book Shop.
 10516 | D:10     | Entered Level 10 of the Dungeon
 10520 | D:10     | Noticed a two-headed ogre
 10529 | D:10     | Killed a two-headed ogre
 10560 | D:10     | Found Buemaur's General Store.
 10601 | D:10     | HP: 3/84 [gargoyle/stone arrow (9)]
 10604 | D:10     | Reached skill level 1 in Shields
 10606 | D:10     | Found a staircase to the Orcish Mines.
 11010 | D:10     | Slain by a vampire

Illustrated notes

Levels and vault maps discovered:
D:1:      dpeg_arrival_stone_temple_mockup, layout_rooms,
          shapermc_ecumenical_altar_mp_ritualfount
D:2:      layout_loops_ring, serial_rivers, chequers_serial_rivers_small_3,
          chequers_serial_rivers_small_b, chequers_serial_rivers_large_a,
          chequers_serial_rivers_micro_a, chequers_serial_rivers_marsh,
          chequers_serial_rivers_small_a, uniq_jessica
D:3:      layout_basic, uniq_sigmund
D:4:      layout_gridville, temple_pool_b, uniq_duvessa, uniq_edmund
D:5:      layout_cave_pools, grunt_temple_overflow_octagram
D:6:      layout_basic, nicolae_shop_firing_range, uniq_maggie,
          uniq_crazy_yiuf_cottage, uniq_menkaure
D:7:      layout_loops_ring, enter_bailey_2, grunt_decor_cap, uniq_joseph
D:8:      minmay_thinvault, layout_cave_pools, due_lair_maze_entry_diamond
D:9:      layout_irregular_city, serial_shops, nicolae_shop_back_alley_shop,
          roderic_three_in_a_row, uniq_pikel
D:10:     layout_stronghold, orc_0_dummy, nicolae_take_the_stairs, uniq_nergalle
Temple:   minmay_freezing_vapour_temple

Skill      XL: |  1  2  3  4  5  6  7  8  9 10 11 |
---------------+----------------------------------+-----
Ranged Weapons | 2 |  2.7
Short Blades   | 1 3 5 6 8 10 11 | 11.2
Armour         | 4 8 |  8.3
Fighting       | 5 7 |  7.1
Dodging        | 7 |  7.1
Shields        | 1 |  1.9
Spellcasting   | |  1.0
Hexes          | |  3.0

Action                     |  1- 3 |  4- 6 |  7- 9 | 10-12 || total
---------------------------+-------+-------+-------+-------++-------
  Melee: Dagger            |    29 |    49 |   351 |   672 ||  1101
         Touch             |     2 |    11 |    74 |   133 ||   220
         Punch             |     1 |       |     9 |     7 ||    17
   Fire: Sling             |    34 |       |       |       ||    34
 Invoke: Potion Petition   |       |       |     1 |     4 ||     5
  Evoke: Wand              |       |       |     4 |       ||     4
    Use: Scroll            |       |     5 |    11 |     1 ||    17
         Potion            |       |       |     5 |     8 ||    13
   Stab: Sleeping          |     1 |       |       |       ||     1
         Distracted        |       |       |     1 |     2 ||     3
 Armour: Robe              |     9 |       |       |       ||     9
         Leather armour    |     3 |    10 |    23 |       ||    36
         Ring mail         |       |       |    38 |       ||    38
         Swamp dragon scal |       |       |    36 |   196 ||   232
  Dodge: Dodged            |    16 |    16 |   128 |   243 ||   403
  Block: Kite shield       |       |       |       |    21 ||    21

Table legend: (Time is in decaauts)
 A = Elapsed time spent in this place.
 B = Non-inter-level travel time spent in this place.
 C = Inter-level travel time spent in this place.
 D = Time resting spent in this place.
 E = Time spent auto-exploring this place.
 F = Levels seen in this place.
 G = Mean time per level.
                   A        B        C        D        E       F      G
               +--------+--------+--------+--------+--------+-----+--------+
         Total |  10574 |  10189 |    385 |   1860 |   6466 |  12 |  881.2 |
       Dungeon |   9540 |   9163 |    377 |   1589 |   6058 |  10 |  954.0 |
        Temple |     19 |     12 |      7 |      0 |     10 |   1 |   19.0 |
        Bailey |   1013 |   1013 |      0 |    271 |    398 |   1 | 1013.0 |
               +--------+--------+--------+--------+--------+-----+--------+

Top non-repeatable levels by time:
     D:8: 1552 daAuts
     D:7: 1246 daAuts
     D:9: 1148 daAuts
     D:4: 1136 daAuts
  Bailey: 1013 daAuts
     D:6: 963 daAuts
     D:3: 853 daAuts
     D:5: 830 daAuts
     D:2: 703 daAuts
     D:1: 634 daAuts
    D:10: 471 daAuts
  Temple: 19 daAuts
